 Dungeon Crawl Stone Soup version 0.30-a0-364-gf6b3ef1049 (webtiles) character file.

Game seed: 4578094119231003803

12931 Kinoniko the Severer (level 11, 0/82 HPs)
             Began as a Minotaur Berserker on Nov 15, 2022.
             Was an Elder of Trog.
             Slain by a catoblepas (10 damage)
             ... on level 1 of the Lair of Beasts.
             The game lasted 00:10:41 (10991 turns).

Kinoniko the Severer (Minotaur Berserker)          Turns: 10991, Time: 00:10:42

Health: 0/82       AC: 12    Str: 26    XL:     11   Next: 68%
Magic:  10/10      EV:  5    Int:  4    God:    Trog [****..]
Gold:   395        SH: 11    Dex: 10    Spells: 10/10 levels left

rFire   . . .      SeeInvis .    v - +2 war axe (vorpal)
rCold   + . .      Faith    .    D - +1 kite shield of Pasoqyss {Rampage rC+ Regen+}
rNeg    . . .      Spirit   .    l - +0 chain mail
rPois   .          Reflect  .    e - +0 hat
rElec   .          Harm     .    (no cloak)
rCorr   .          Rampage  +    r - +0 pair of gloves
Will    .....                    (no boots)
Stlth   ..........               (no amulet)
HPRegen 1.13/turn                (no ring)
MPRegen 0.12/turn                (no ring)

@: petrifying, on berserk cooldown, slowed, very slow
A: horns 2, retaliatory headbutt
a: Renounce Religion, Berserk, Trog's Hand, Brothers in Arms


You were on level 1 of the Lair of Beasts.
You worshipped Trog.
Trog was greatly pleased with you.
You visited 2 branches of the dungeon, and saw 11 of its levels.
You also visited: Sewer and Ossuary.

You collected 699 gold pieces.
You spent 304 gold pieces at shops.

Inventory:

Hand Weapons
 a - a +0 hand axe
 v - a +2 vorpal war axe (weapon)
 G - the +6 hand axe of Uskayaw's Inspiration {elec, rN+++ Str+6 Int-5 Dex-2}
   (You found it on level 7 of the Dungeon)

   It occasionally discharges a powerful burst of electricity upon striking a
   foe.
   Str:       It affects your strength (+6).
   Int:       It affects your intelligence (-5).
   Dex:       It affects your dexterity (-2).
   rN:        It renders you almost immune to negative energy.
 I - a +4 war axe
Missiles
 E - 2 throwing nets (quivered)
Armour
 b - a +0 animal skin
 e - a +0 hat (worn)
 h - a +0 buckler
 l - a +0 chain mail (worn)
 o - a +0 leather armour
 p - a +2 kite shield
 r - a +0 pair of gloves (worn)
 D - the +1 kite shield of Pasoqyss (worn) {Rampage rC+ Regen+}
   (You bought it in a shop on level 6 of the Dungeon)

   rC:        It protects you from cold.
   Regen:     It increases your rate of health regeneration.
   Rampage:   It bestows one free step when moving towards enemies.
Jewellery
 C - a ring of fire
Wands
 q - a wand of digging (5)
 t - a wand of charming (10)
 N - a wand of polymorph (11)
Scrolls
 f - 2 scrolls of amnesia
 i - 2 scrolls of blinking
 j - 2 scrolls of fear
 y - 2 scrolls of magic mapping
 B - 2 scrolls of teleportation
 H - 3 scrolls of enchant armour
 M - 2 scrolls of identify
Potions
 c - 8 potions of curing
 d - 2 potions of invisibility {unknown}
 g - 4 potions of heal wounds
 k - 2 potions of degeneration {unknown}
 m - 3 potions of attraction
 n - 3 potions of brilliance
 s - 2 potions of cancellation {unknown}
 u - 2 potions of ambrosia {unknown}
 w - 4 potions of haste
 x - 3 potions of lignification
 z - a potion of berserk rage {unknown}
 A - 2 potions of flight
 F - 2 potions of magic
 K - 2 potions of might {unknown}
 L - a potion of resistance {unknown}
Miscellaneous
 J - a phantom mirror


   Skills:
 - Level 3.6 Fighting
 * Level 16.7 Axes
 + Level 8.3 Armour
 + Level 7.6 Dodging
 + Level 10.3 Shields


You had 10 spell levels left.
You didn't know any spells.
Your spell library was empty.

Dungeon Overview and Level Annotations

Branches:
Dungeon (10/15)            Temple (0/1) D:5            Lair (1/5) D:8
    Orc (0/2) D:10          Sewer (visited)         Ossuary (visited)

Altars:
Cheibriados
Kikubaaqudgha
Qazlal
Sif Muna
Wu Jian

Shops:
D:6 [   D:7 =   D:10 *

Annotations:
D:4 1 transporter, choppaz's ghost, amateur OpTm
D:8 3 runed translucent doors, b0ghi's ghost, novice MiFi


Innate Abilities, Weirdness & Mutations

You have a pair of horns on your head.
You reflexively headbutt those who attack you in melee.


Message History

The catoblepas is heavily wounded.
You are engulfed in calcifying dust.
The catoblepas breathes a plume of calcifying dust at you.
The blast of calcifying dust hits you but does no damage.
You have turned to stone.
You are engulfed in calcifying dust.
The catoblepas gores you!
You are engulfed in calcifying dust.
The catoblepas gores you!!
You are engulfed in calcifying dust.
The catoblepas gores you but does no damage.
You are engulfed in calcifying dust.
The catoblepas breathes a plume of calcifying dust at you.
The blast of calcifying dust hits you. The catoblepas gores you!
The catoblepas gores you!!
* * * LOW HITPOINT WARNING * * *
The catoblepas gores you!
* * * LOW HITPOINT WARNING * * *
The catoblepas breathes a plume of calcifying dust at you.
The blast of calcifying dust hits you!
* * * LOW HITPOINT WARNING * * *
You are engulfed in calcifying dust.
You are no longer berserk.
You feel yourself slow down. The catoblepas gores you!!
* * * LOW HITPOINT WARNING * * *
You turn to flesh and can move again.
Unknown command.
Unknown command.
Unknown command.
Unknown command.
You hit the catoblepas but do no damage.
The catoblepas is heavily wounded.
You are engulfed in calcifying dust.
The catoblepas breathes a plume of calcifying dust at you.
The blast of calcifying dust hits you but does no damage.
You hit the catoblepas but do no damage.
The catoblepas is heavily wounded.
You are engulfed in calcifying dust.
You are slowing down.
The catoblepas gores you!
You die...

.### ...## ....## .. P.#
##.... ...##.. ###....
....#... ..... ..
#......... #.Y# P...
#........# #.@##.....
#........#####§.......
#.......#.#..§..#....
#...........§.[# ..
.8#.....#.#...§......
.........####........
.##..#...# ##........
#+#.#..##..######.......
....#.. ###...##........


You could see a catoblepas.

Vanquished Creatures
  A two-headed ogre (D:8)
  A hydra (D:10)
  2 death yaks (D:8)
  3 trolls
  A vampire (D:9)
  A wyvern (Lair:1)
  A steam dragon (D:9)
  10 yaks
  An acid dragon (D:10)
  5 water moccasins
  3 ice beasts
  A black bear (D:7)
  4 orc warriors
  2 ogres
  4 centaurs
  3 phantoms
  4 elf zombies (Ossuary)
  4 kobold brigands
  A necrophage (D:6)
  A gnoll sergeant (D:9)
  10 bullfrogs
  5 scorpions
  22 killer bees
  2 centaur zombies (Ossuary)
  3 hounds
  4 jellies
  2 gnoll boudas
  5 orc priests
  2 iguanas
  10 orc wizards
  2 mummies (Ossuary)
  11 gnolls
  11 adders
  3 river rats (Sewer)
  2 ufetubi
  An adder zombie (Ossuary)
  3 dart slugs
  28 orcs
  13 ball pythons
  4 bats
  9 endoplasms
  3 giant cockroaches
  5 goblins
  7 hobgoblins
  A jackal (Sewer)
  2 quokkas (D:1)
  5 frilled lizards
  2 goblin zombies (Ossuary)
  13 hobgoblin zombies (Ossuary)
  2 jackal zombies (Ossuary)
  14 kobolds
  7 kobold zombies (Ossuary)
  6 orc zombies (Ossuary)
  9 rats
  2 rat zombies (D:5)
283 creatures vanquished.

Vanquished Creatures (collateral kills)
  4 death yaks (D:8)
  An orc (D:8)
5 creatures vanquished.

Vanquished Creatures (others)
  24 plants
  2 toadstools (D:2)
26 creatures vanquished.

Grand Total: 314 creatures vanquished

Notes
Turn   | Place    | Note
-------+----------+-------------------------------------------
     0 | D:1      | Kinoniko the Minotaur Berserker began the quest for the
                  | Orb.
     0 | D:1      | Reached XP level 1. HP: 19/19 MP: 0/0
    61 | D:1      | Reached skill level 4 in Axes
   209 | D:1      | Reached XP level 2. HP: 25/26 MP: 1/1
   589 | D:1      | Reached skill level 5 in Axes
   625 | D:1      | Reached ** piety under Trog
   630 | D:1      | Reached XP level 3. HP: 27/31 MP: 2/2
  1589 | D:2      | Reached skill level 6 in Axes
  1589 | D:2      | Reached XP level 4. HP: 34/39 MP: 3/3
  1873 | D:3      | Found a glowing drain.
  1887 | Sewer    | Entered a sewer
  1890 | Sewer    | Noticed a kobold brigand
  1906 | Sewer    | Killed a kobold brigand
  1907 | Sewer    | Reached skill level 7 in Axes
  1907 | Sewer    | Reached XP level 5. HP: 39/45 MP: 4/4
  2291 | Sewer    | Reached skill level 8 in Axes
  2291 | Sewer    | Reached XP level 6. HP: 30/51 MP: 5/5
  3136 | D:3      | Reached *** piety under Trog
  3139 | D:3      | Reached skill level 9 in Axes
  3308 | D:3      | Found a faded altar of an unknown god.
  3449 | D:3      | Reached skill level 1 in Shields
  3564 | D:4      | Reached XP level 7. HP: 56/57 MP: 6/6
  3670 | D:4      | Found a shimmering blue altar of Sif Muna.
  3945 | D:4      | Found a snail-covered altar of Cheibriados.
  3960 | D:4      | Reached skill level 10 in Axes
  4042 | D:4      | Noticed choppaz's ghost (amateur OpTm)
  4043 | D:4      | Found a transporter.
  4045 | D:4      | Identified the +5 great mace of Terra Cotta {venom, rF+ rN+
                  | Dex-2}
  5008 | D:5      | Entered Level 5 of the Dungeon
  5283 | D:5      | Found a sand-covered staircase.
  5323 | Ossuary  | Entered an ossuary
  5366 | Ossuary  | Reached **** piety under Trog
  5445 | Ossuary  | Reached XP level 8. HP: 64/64 MP: 7/7
  5450 | Ossuary  | Reached skill level 11 in Axes
  5526 | Ossuary  | Reached skill level 5 in Shields
  6072 | D:5      | Reached skill level 12 in Axes
  6074 | D:5      | Found a staircase to the Ecumenical Temple.
  6364 | D:6      | Found Fyetzaoff's Antique Armour Shoppe.
  6384 | D:6      | Bought an ichor-stained kite shield for 304 gold pieces
  6384 | D:6      | Identified the +1 kite shield of Pasoqyss {Rampage rC+
                  | Regen+} (You bought it in a shop on level 6 of the Dungeon)
  6421 | D:6      | Reached ***** piety under Trog
  6598 | D:6      | Reached XP level 9. HP: 70/70 MP: 8/8
  7024 | D:6      | Reached skill level 13 in Axes
  7127 | D:7      | Found Xeutsu Wyheu's One-of-a-Kind Rings.
  7482 | D:7      | Identified the +6 hand axe of Uskayaw's Inspiration {elec,
                  | rN+++ Str+6 Int-5 Dex-2}
  7769 | D:8      | Reached skill level 14 in Axes
  7898 | D:8      | Noticed a death yak
  7907 | D:8      | Noticed a death yak
  7908 | D:8      | Noticed a death yak
  7908 | D:8      | Noticed a death yak
  7909 | D:8      | Killed a death yak
  7910 | D:8      | Reached skill level 5 in Armour
  7910 | D:8      | Reached XP level 10. HP: 77/77 MP: 9/9
  7910 | D:8      | Noticed a death yak
  7910 | D:8      | Noticed a death yak
  7911 | D:8      | Found a staircase to the Lair.
  7915 | D:8      | Killed a death yak
  7916 | D:8      | Reached skill level 5 in Dodging
  7923 | D:8      | Killed a death yak
  7924 | D:8      | Killed a death yak
  7926 | D:8      | Killed a death yak
  7927 | D:8      | Reached skill level 15 in Axes
  7928 | D:8      | Killed a death yak
  7980 | D:8      | Found a runed translucent gate.
  7980 | D:8      | Found a runed translucent gate.
  7980 | D:8      | Found a runed translucent gate.
  7980 | D:8      | Noticed b0ghi's ghost (novice MiFi)
  7980 | D:8      | Noticed a ten-headed hydra
  8230 | D:8      | Noticed a two-headed ogre
  8239 | D:8      | Killed a two-headed ogre
  8349 | D:9      | Reached XP level 11. HP: 69/82 MP: 10/10
  8392 | D:9      | Received a gift from Trog
  8578 | D:9      | Identified the +5 quarterstaff of Desertification
                  | {antimagic, Str+2 Dex+2}
  9326 | D:10     | Entered Level 10 of the Dungeon
  9326 | D:10     | Noticed a six-headed hydra
  9333 | D:10     | Killed an eight-headed hydra
  9334 | D:10     | Reached skill level 16 in Axes
  9369 | D:10     | Found an ancient bone altar of Kikubaaqudgha.
  9501 | D:10     | Found Wacydd's Assorted Antiques.
  9592 | D:10     | Reached skill level 10 in Shields
  9640 | D:10     | Found a staircase to the Orcish Mines.
  9695 | D:10     | Found an ornate altar of the Wu Jian Council.
  9695 | D:10     | Found a stormy altar of Qazlal.
 10172 | Lair:1   | Entered Level 1 of the Lair of Beasts
 10971 | Lair:1   | Noticed a catoblepas
 10991 | Lair:1   | Slain by a catoblepas

Illustrated notes

Levels and vault maps discovered:
D:1:      dpeg_arrival_shrine, layout_basic
D:2:      layout_basic, minmay_gold_behind_fungi
D:3:      layout_basic, shapermc_ecumenical_altar_ellora, portal_sewer_entry_b
D:4:      layout_layer_cave, old_standard_altar, cheibriados_altar_1,
          gammafunk_ghost_smash
D:5:      layout_loops_ring, minmay_temple_entry_nine_rooms, enter_ossuary_4,
          chequers_garden, roderic_lattice_a
D:6:      layout_basic, serial_shops, nicolae_shop_overgrown_old_shop
D:7:      layout_gridville, nrook_mini_vaults, nicolae_shop_unique_rings
D:8:      layout_rooms, dpeg_lair_monsters, gammafunk_ghost_hydra_chop
D:9:      layout_basic, hex_intersection
D:10:     layout_loops_ring, mainiacjoe_overflow_surrounded_room,
          mainiacjoe_overflow_divided_tiny, orc_0_dummy, serial_shops, shop
Lair:1:   layout_layer_cave, grunt_megastairs_3, infiniplex_staircase_pool,
          lemuel_fruit_fields

Skill      XL: |  1  2  3  4  5  6  7  8  9 10 11 |
---------------+----------------------------------+-----
Axes           | 4 5 6 7 8 9 10 12 14 15 16 | 16.7
Shields        | 1 4 6 8 9 10 | 10.3
Armour         | 5 7 8 |  8.3
Dodging        | 4 6 7 |  7.6
Fighting       | |  3.6

Action                   |  1- 3 |  4- 6 |  7- 9 | 10-12 || total
-------------------------+-------+-------+-------+-------++-------
Melee: Hand axe          |    90 |   159 |    47 |       ||   296
       Headbutt          |    12 |    23 |    62 |    40 ||   137
       Punch             |       |     1 |       |       ||     1
       War axe           |       |       |   275 |   253 ||   528
Invok: Berserk           |     1 |     2 |     4 |     4 ||    11
       Brothers in Arms  |       |       |       |     1 ||     1
  Use: Scroll            |       |     9 |     2 |     7 ||    18
 Stab: Sleeping          |     1 |       |       |       ||     1
Armor: Animal skin       |    11 |     1 |       |       ||    12
       Leather armour    |       |    23 |       |       ||    23
       Chain mail        |       |     5 |   118 |    76 ||   199
Dodge: Dodged            |    54 |    65 |    68 |    66 ||   253
Block: Buckler           |       |     2 |    11 |       ||    13
       Kite shield       |       |       |   114 |   117 ||   231

Table legend: (Time is in decaauts)
 A = Elapsed time spent in this place.
 B = Non-inter-level travel time spent in this place.
 C = Inter-level travel time spent in this place.
 D = Time resting spent in this place.
 E = Time spent auto-exploring this place.
 F = Levels seen in this place.
 G = Mean time per level.
                   A        B        C        D        E       F      G
               +--------+--------+--------+--------+--------+-----+--------+
         Total |  11190 |  10477 |    713 |    681 |   8015 |  13 |  860.8 |
       Dungeon |   8887 |   8175 |    712 |    400 |   6531 |  10 |  888.7 |
          Lair |    810 |    810 |      0 |      0 |    709 |   1 |  810.0 |
         Sewer |   1191 |   1191 |      0 |    237 |    649 |   1 | 1191.0 |
       Ossuary |    300 |    300 |      0 |     43 |    125 |   1 |  300.0 |
               +--------+--------+--------+--------+--------+-----+--------+

Top non-repeatable levels by time:
     D:4: 1448 daAuts
   Sewer: 1191 daAuts
     D:9: 1029 daAuts
     D:6: 950 daAuts
     D:1: 876 daAuts
     D:5: 834 daAuts
     D:2: 827 daAuts
     D:3: 825 daAuts
    D:10: 816 daAuts
  Lair:1: 810 daAuts
     D:8: 667 daAuts
     D:7: 611 daAuts
 Ossuary: 300 daAuts
